 Dungeon Crawl Stone Soup version 0.20-a0-548-g4f8a798 (webtiles) character file.

130 pichaelthompson the Skirmisher (level 4, -8/38 HPs)
             Began as a Demonspawn Berserker on Feb 2, 2017.
             Was an Initiate of Trog.
             Mangled by a gnoll
             ... wielding a +0 spear
              (9 damage)
             ... on level 2 of the Dungeon.
             The game lasted 00:06:02 (1604 turns).

pichaelthompson the Skirmisher (DsBe)               Turns: 1604, Time: 00:06:05

Health: -8/38      AC:  2    Str: 18    XL:     4   Next: 90%
Magic:  7/7        EV: 13    Int:  9    God:    Trog [......]
Gold:   80         SH:  0    Dex: 12    Spells: 8/8 levels left

rFire    . . .     SeeInvis .   a - +0 spear
rCold    . . .     Gourm    .   b - +0 animal skin
rNeg     . . .     Faith    .   (no shield)
rPois    .         Spirit   .   (no helmet)
rElec    .         Reflect  .   (no cloak)
rCorr    .         Harm     .   (no gloves)
MR       .....                  (no boots)
Stlth    ++........             (no amulet)
Regen    0.2/turn               (no ring)
                                (no ring)

@: no status effects
A: powered by death 1
a: Burn Spellbooks, Renounce Religion


You were on level 2 of the Dungeon.
You worshipped Trog.
Trog was noncommittal.
You were very hungry.

You visited 1 branch of the dungeon, and saw 2 of its levels.

You collected 80 gold pieces.

Inventory:

Hand Weapons
 a - a +0 spear (weapon)
Armour
 b - a +0 animal skin (worn)
Scrolls
 e - a scroll of identify {unknown}
Potions
 f - a potion of flight
Comestibles
 c - 2 bread rations


   Skills:
 + Level 4.7 Fighting
 + Level 4.4 Polearms
 + Level 2.6 Throwing
 + Level 3.6 Armour
 + Level 3.5 Dodging
 + Level 2.8 Stealth
 + Level 2.5 Unarmed Combat
 + Level 2.5 Spellcasting


You had 8 spell levels left.
You didn't know any spells.

Dungeon Overview and Level Annotations

Branches:
Dungeon (2/15)

Altars:


Innate Abilities, Weirdness & Mutations

You regenerate a little health from kills.


Message History

You hit the gnoll but do no damage.
The gnoll is moderately wounded.
The gnoll barely misses you.
The gnoll hits you from afar with a spear!
You closely miss the gnoll.
The gnoll is moderately wounded.
The rat barely misses you. The gnoll closely misses you.
The gnoll barely misses you.
Okay, then.
You hit the gnoll.
The gnoll is heavily wounded.
The gnoll hits you from afar with an enchanted spear.
The gnoll misses you. The rat closely misses you. The gnoll barely misses you.
You barely miss the gnoll.
The gnoll is heavily wounded.
The gnoll hits you from afar with an enchanted spear!
* * * LOW HITPOINT WARNING * * *
The rat barely misses you.
The gnoll hits you from afar with a spear!
You die...

#. #. #. ##.#
#...## #....#
#....# #r# #@#
#######g####
......ggg..#
####.##r..>...#
# ........#
..........
.#...?....#
#(.........# #
.........#


You could see 4 gnolls and 2 rats.

Vanquished Creatures
  A phantom (D:1)
  A dart slug (D:1)
  4 bats (D:1)
  A giant cockroach (D:1)
  A goblin (D:1)
  3 hobgoblins (D:1)
  2 frilled lizards (D:1)
  A rat (D:1)
14 creatures vanquished.

Notes
Turn   | Place    | Note
-------+----------+-------------------------------------------
     0 | D:1      | pichaelthompson the Demonspawn Berserker began the quest for the Orb.
     0 | D:1      | Reached XP level 1. HP: 18/18 MP: 1/1
   576 | D:1      | Gained mutation: You regenerate a little health from kills. [demonic ancestry]
   576 | D:1      | Reached XP level 2. HP: 11/24 MP: 2/2
  1289 | D:1      | Noticed a phantom
  1324 | D:1      | Reached XP level 3. HP: 6/31 MP: 2/6
  1332 | D:1      | Killed a phantom
  1332 | D:1      | Reached XP level 4. HP: 11/38 MP: 2/7
  1604 | D:2      | HP: 1/38 [gnoll/enchanted spear (12)]
  1604 | D:2      | Mangled by a gnoll

Vault maps used:
D:1:      dpeg_arrival_simpleton_b, hex_large, hangedman_feature_mirror,
          minmay_pentomino_z2
D:2:      lemuel_doored_altar, serial_glass, glass_columns_b, glass_columns_a,
          minmay_small_reverse_x, uniq_sigmund

Skill      XL: |  1  2 |
---------------+-------+-----
Polearms       | 4 |  4.4
Dodging        | 3 |  3.5
Fighting       | 4 |  4.7
Throwing       | 2 |  2.6
Armour         | 3 |  3.6
Stealth        | 2 |  2.8
Unarmed Combat | 2 |  2.5
Spellcasting   | 2 |  2.5

Action                   |  1- 3 |  4- 6 || total
-------------------------+-------+-------++-------
Melee: Spear             |    57 |     6 ||    63
       Punch             |       |     1 ||     1
  Use: Potion            |     4 |       ||     4
  Eat: Chunk             |     1 |       ||     1
Armor: Animal skin       |    19 |       ||    19
Dodge: Dodged            |    44 |    10 ||    54
